 Dungeon Crawl Stone Soup version 0.31-a0-232-gb1c03b2570 (webtiles) character file.

Game seed: 6067588100085485834

751 qw the Skirmisher (level 7, -4/60 HPs)
             Began as a Minotaur Hexslinger on July 7, 2023.
             Was an Initiate of Okawaru.
             Slain by a lemure (6 damage)
             ... led by Pikel
             ... on level 5 of the Dungeon.
             The game lasted 00:01:58 (5106 turns).

qw the Skirmisher (Minotaur Hexslinger)             Turns: 5106, Time: 00:01:58

Health: -4/60      AC:  8    Str: 13    XL:     7   Next: 49%
Magic:  7/7        EV: 11    Int: 10    God:    Okawaru [......]
Gold:   81         SH:  0    Dex: 14    Spells: 7/8 levels left

rFire   . . .        j - +1 sling (heavy)
rCold   . . .        (no shield)
rNeg    . . .        d - +0 ring mail
rPois   +            (helmet restricted)
rElec   .            (no cloak)
rCorr   .            a - +2 pair of gloves
SInv    .            (no boots)
Will    .....        (no amulet)
Stlth   +            f - ring of poison resistance
HPRegen 0.30/turn    (no ring)
MPRegen 0.10/turn

%: no passive effects
@: no status effects
A: horns 2, retaliatory headbutt
a: Renounce Religion


You were on level 5 of the Dungeon.
You worshipped Okawaru.
Okawaru was noncommittal.
You visited 2 branches of the dungeon, and saw 7 of its levels.

You collected 207 gold pieces.
You spent 126 gold pieces at shops.


Innate Abilities, Weirdness & Mutations

You have a pair of horns on your head.
You reflexively headbutt those who attack you in melee.


   Skills:
 + Level 4.8 Fighting
 - Level 8.1 Ranged Weapons
 - Level 1.8 Armour
 - Level 2.1 Dodging
 - Level 1.0 Spellcasting
 - Level 2.0 Hexes


You had 7 spell levels left.
You knew the following spells:

 Your Spells              Type           Power      Damage    Failure   Level
a - Slow                  Hex            16%        N/A       32%         1

Your spell library contained the following spells:

 Spells                   Type           Power      Damage    Failure   Level
 Inner Flame              Hex/Fire       2%         N/A       82%         3
 Portal Projectile        Hex/Tloc       4%         N/A       82%         3
 Cause Fear               Hex            2%         N/A       97%         4

Inventory:

Hand Weapons
 j - a +1 heavy sling (weapon)
Armour
 a - a +2 pair of gloves (worn)
 d - a +0 ring mail (worn)
Jewellery
 f - a ring of poison resistance (left hand)
Scrolls
 c - a scroll of identify
Potions
 b - a potion of haste {unknown}
 e - a potion of enlightenment
 g - a potion of resistance {unknown}
 i - 2 potions of curing
 k - a potion of heal wounds {unknown}

Dungeon Overview and Level Annotations

Branches:
Dungeon (6/15)             Temple (1/1) D:5

Altars:
Ashenzari
Cheibriados
Dithmenos
Fedhas
Gozag
Hepliaklqana
Kikubaaqudgha
Makhleb
Okawaru
Qazlal
Ru
Sif Muna
Trog
Uskayaw
Vehumet
Wu Jian
Xom
Yredelemnul
Zin
The Shining One

Shops:
D:4 ?(

Annotations:
D:6 Pikel


Message History

The lemure is almost dead.
The lemure barely misses you.
The lemure hits you but does no damage. x2
The lemure misses you. You furiously retaliate!
You headbutt the lemure. You shoot a sling bullet.
The sling bullet closely misses the lemure.
The sling bullet closely misses the gnoll.
The lemure hits you! The lemure barely misses you.
You shoot a sling bullet.
The sling bullet completely misses the lemure.
The sling bullet hits the gnoll.
The gnoll is heavily wounded.
The lemure hits you. The lemure hits you!
The lemure hits you but does no damage. x2
You shoot a sling bullet.
The sling bullet hits the lemure but does no damage.
The lemure is almost dead.
The lemure barely misses you. You furiously retaliate!
You headbutt the lemure. The lemure barely misses you.
The lemure hits you but does no damage. x2
You shoot a sling bullet.
The sling bullet closely misses the lemure.
The sling bullet hits the gnoll!
You kill the gnoll!
Okawaru accepts your kill. The lemure hits you.
The lemure hits you but does no damage.
You shoot a sling bullet. The sling bullet hits the lemure.
You kill the lemure!
That felt strangely unrewarding.
The lemure barely misses you.
You shoot a sling bullet. The sling bullet hits the lemure!
The lemure is heavily wounded.
The gnoll hits you with a +0 whip. The lemure closely misses you.
The lemure hits you but does no damage.
You shoot a sling bullet. The sling bullet hits the lemure!
The lemure is almost dead.
The lemure hits you. The lemure closely misses you.
You shoot a sling bullet. The sling bullet hits the lemure.
The lemure is almost dead.
The lemure closely misses you. x2; The lemure hits you but does no damage.
The lemure hits you.
You die...

####.######..###.###.###¤¤¤¤¤_¤¤.
##...## ##..........# ###¤¤¤~~~~
##.###.###...###.##### #¤¤¤~~~~
...# #.....#.# #.# #.¤.....
##.###.###...# #.# ##¤##...
##...## #.### #.##########.##.##
##.## ##.# #g....|......##.##
##.####..#####5#########..<....
###.###...###.)5@# #..##.#. ....#
#.}.# ###### #.......
###.###...#### #.##....
#..........# #.##..#.
##.}..>..}.# #.##.... #.........#
#.##.#.. ####...#### #.##.#..
#.}.# #.##.#.. ##...### #.......


You could see 2 lemures and a gnoll.

Vanquished Creatures
  A water moccasin (D:4)
  A lemure (D:5)
  2 phantoms (D:4)
  A bullfrog (D:4)
  2 hounds
  5 iguanas
  Natasha (thrice) (D:2)
  7 adders
  A gnoll (D:5)
  An ufetubus (D:5)
  4 worms
  2 dart slugs
  8 orcs
  4 ball pythons
  5 bats
  5 endoplasms
  3 giant cockroaches
  8 goblins
  2 hobgoblins (D:1)
  7 jackals
  2 quokkas
  4 frilled lizards
  7 kobolds
  4 rats
89 creatures vanquished.

Notes
Turn   | Place    | Note
-------+----------+-------------------------------------------
     0 | D:1      | qw the Minotaur Hexslinger began the quest for the Orb.
     0 | D:1      | Reached XP level 1. HP: 16/16 MP: 1/1
     0 | D:1      | 0 ||| qw: Version: 0.3-a-46-gb1f654a
     0 | D:1      | 0 ||| qw: Game counter: 2607
     0 | D:1      | 0 ||| qw: Melee chars always use a shield: true
     0 | D:1      | 0 ||| qw: God list: Okawaru
     0 | D:1      | 0 ||| qw: Allow faded altars: false
     0 | D:1      | 0 ||| qw: Do Orc after clearing Dungeon:15 true
     0 | D:1      | 0 ||| qw: Do second Lair branch before Depths: true
     0 | D:1      | 0 ||| qw: Lair rune preference: random
     0 | D:1      | 0 ||| qw: Goals: Normal
     0 | D:1      | 0 ||| PLANNING D:1-11
    57 | D:1      | Reached skill level 3 in Ranged Weapons
    62 | D:1      | Reached XP level 2. HP: 23/23 MP: 2/2
   105 | D:1      | Found a faded altar of an unknown god.
   465 | D:1      | 465 ||| DROPPING ring of flight.
   466 | D:1      | 466 ||| UPGRADING to ring of poison resistance.
   467 | D:1      | 467 ||| READING scroll labelled WEIGOTIESE.
   468 | D:1      | 468 ||| READING scroll labelled SER ETHRAUTAXU.
   469 | D:1      | 469 ||| DRINKING 2 puce potions.
   470 | D:1      | 470 ||| DROPPING scroll of poison.
   513 | D:2      | Reached XP level 3. HP: 29/29 MP: 3/3
   555 | D:2      | Noticed Natasha
   563 | D:2      | Killed Natasha
   564 | D:2      | Reached skill level 4 in Ranged Weapons
   571 | D:2      | Noticed Natasha
   580 | D:2      | Killed Natasha
   581 | D:2      | Reached XP level 4. HP: 12/36 MP: 4/4
   800 | D:2      | Noticed Natasha
   806 | D:2      | Killed Natasha
   807 | D:2      | Reached skill level 5 in Ranged Weapons
  1075 | D:2      | Reached XP level 5. HP: 42/42 MP: 5/5
  1148 | D:2      | 1148 ||| UPGRADING to +0 pair of gloves.
  1153 | D:2      | 1153 ||| UPGRADING to +0 leather armour.
  1163 | D:2      | 1163 ||| DROPPING +0 robe.
  1164 | D:2      | 1164 ||| READING 2 scrolls labelled RYOWKI JYCLOR.
  1165 | D:2      | 1165 ||| DRINKING 3 smoky inky potions.
  1270 | D:2      | 1270 ||| DRINKING 2 inky potions.
  1271 | D:2      | 1271 ||| DRINKING 2 lumpy golden potions.
  1272 | D:2      | 1272 ||| DROPPING 2 potions of berserk rage.
  1273 | D:2      | 1273 ||| DROPPING potion of magic.
  1274 | D:2      | 1274 ||| DROPPING potion of degeneration.
  1275 | D:2      | 1275 ||| DROPPING scroll of vulnerability.
  1565 | D:3      | Reached skill level 3 in Fighting
  1574 | D:3      | 1574 ||| FLEEEEING.
  1575 | D:3      | 1575 ||| FLEEEEING.
  1576 | D:3      | 1576 ||| FLEEEEING.
  1577 | D:3      | 1577 ||| FLEEEEING.
  1578 | D:3      | 1578 ||| FLEEEEING.
  1579 | D:3      | 1579 ||| FLEEEEING.
  1847 | D:3      | 1847 ||| READING scroll of enchant armour.
  1847 | D:3      | 1847 ||| ENCHANTING +0 pair of gloves.
  1932 | D:3      | 1932 ||| UPGRADING to +0 ring mail.
  1942 | D:3      | 1942 ||| DROPPING +0 leather armour.
  1943 | D:3      | 1943 ||| UPGRADING to amulet of guardian spirit.
  1948 | D:3      | 1948 ||| READING 2 scrolls labelled XANKES MEA.
  2006 | D:4      | Reached skill level 1 in Armour
  2070 | D:4      | Noticed a water moccasin
  2083 | D:4      | Killed a water moccasin
  2084 | D:4      | Reached skill level 6 in Ranged Weapons
  2084 | D:4      | Reached XP level 6. HP: 28/51 MP: 3/6
  2116 | D:4      | 2116 ||| FLEEEEING.
  2117 | D:4      | 2117 ||| FLEEEEING.
  2118 | D:4      | 2118 ||| FLEEEEING.
  2119 | D:4      | 2119 ||| FLEEEEING.
  2120 | D:4      | 2120 ||| FLEEEEING.
  2121 | D:4      | 2121 ||| FLEEEEING.
  2122 | D:4      | 2122 ||| FLEEEEING.
  2123 | D:4      | 2123 ||| FLEEEEING.
  2124 | D:4      | 2124 ||| FLEEEEING.
  2125 | D:4      | 2125 ||| FLEEEEING.
  2131 | D:4      | 2131 ||| FLEEEEING.
  2132 | D:4      | 2132 ||| FLEEEEING.
  2133 | D:4      | 2133 ||| FLEEEEING.
  2203 | D:4      | Found Qairchef's Magic Scroll Boutique.
  2212 | D:4      | 2212 ||| BUYING scroll of brand weapon (104 gold).
  2212 | D:4      | Bought a scroll of brand weapon for 104 gold pieces
  2212 | D:4      | 2212 ||| SHOPLISTING scroll of enchant armour (82 gold,
                  | have 22).
  2212 | D:4      | 2212 ||| BUYING scroll of identify (22 gold).
  2212 | D:4      | Bought a scroll of identify for 22 gold pieces
  2212 | D:4      | 2212 ||| SHOPLISTING scroll of identify (22 gold, have 0).
  2212 | D:4      | 2212 ||| SHOPLISTING scroll of teleportation (33 gold, have
                  | 0).
  2212 | D:4      | 2212 ||| READING scroll of brand weapon.
  2212 | D:4      | 2212 ||| BRANDING +1 sling.
  2309 | D:4      | Reached skill level 7 in Ranged Weapons
  2346 | D:4      | Reached XP level 7. HP: 55/59 MP: 7/7
  2381 | D:4      | Found Finug's Antique Weapon Boutique.
  2551 | D:4      | 2551 ||| SHOPLISTING runed shortbow (174 gold, have 0).
  2886 | D:4      | 2886 ||| READING scroll labelled RAUWAE GELEU.
  2887 | D:4      | 2887 ||| READING scroll labelled OPIGOT CI MYMAOXA.
  2888 | D:4      | 2888 ||| DRINKING 2 bubbling orange potions.
  2889 | D:4      | 2889 ||| READING 2 scrolls of identify.
  2889 | D:4      | 2889 ||| IDENTIFYING grey potion
  2890 | D:4      | 2890 ||| DROPPING potion of attraction.
  2909 | D:5      | Entered Level 5 of the Dungeon
  2910 | D:5      | 2910 ||| PLANNING SEWER
  2980 | D:5      | 2980 ||| READING scroll of enchant armour.
  2980 | D:5      | 2980 ||| ENCHANTING +1 pair of gloves.
  3004 | D:5      | Found a shadowy altar of Dithmenos.
  3370 | D:5      | Found a staircase to the Ecumenical Temple.
  3382 | D:5      | Reached skill level 8 in Ranged Weapons
  3654 | D:5      | Found a glowing drain.
  3817 | D:5      | 3817 ||| RIP SEWER
  3817 | D:5      | 3817 ||| PLANNING TEMPLE
  3817 | D:5      | 3817 ||| READING scroll labelled AXTENTILODD.
  3818 | D:5      | 3818 ||| READING scroll labelled MOCEES MAEQU.
  3847 | Temple   | Entered the Ecumenical Temple
  3877 | Temple   | 3877 ||| PLANNING OKAWARU WORSHIP
  4869 | Temple   | Became a worshipper of Warmaster Okawaru
  4870 | Temple   | 4870 ||| PLANNING D:1-11
  4870 | Temple   | 4870 ||| REMOVING amulet of guardian spirit.
  4902 | Temple   | 4902 ||| DROPPING amulet of guardian spirit.
  4978 | D:6      | 4978 ||| STAIRDANCE
  4978 | D:6      | Noticed Pikel
  5090 | D:6      | 5090 ||| STAIRDANCE
  5100 | D:5      | HP: 12/60 [lemure[Pikel] (7)]
  5104 | D:5      | HP: 3/60 [gnoll/+0 whip (6)]
  5106 | D:5      | Slain by a lemure

Levels and vault maps discovered:
D:1:      evilmike_arrival_hilbert_curve, layout_rooms,
          shapermc_ecumenical_altar_mp_urbaneastern, minivault_14
D:2:      layout_basic, uniq_natasha
D:3:      layout_basic
D:4:      layout_loops_cross, serial_shops, nicolae_shop_window_shopping, shop,
          minmay_manual_mail
D:5:      layout_loops_ring, mainiacjoe_overflow_catwalk,
          minmay_temple_entry_junction, lightli_sewer_entry_pipes, minivault_23,
          nrook_pool_corridor, serial_bayou_pond_e, st_stairs_5
D:6:      layout_cave_pools, chequers_serial_rivers_large_b, uniq_pikel
Temple:   compressed_dpeg_triangle_lava_temple

Skill      XL: |  1  2  3  4  5  6  7 |
---------------+----------------------+-----
Ranged Weapons | 3 4 5 6 7 8 |  8.1
Fighting       | 2 3 4 |  4.8
Armour         | 1 |  1.8
Dodging        | |  2.1
Spellcasting   | |  1.0
Hexes          | |  2.0

Action                     |  1- 3 |  4- 6 |  7- 9 || total
---------------------------+-------+-------+-------++-------
   Fire: Sling             |    99 |   160 |    78 ||   337
    Use: Scroll            |     2 |     4 |     6 ||    12
         Potion            |     1 |     3 |     1 ||     5
 Armour: Robe              |     6 |     2 |       ||     8
         Ring mail         |       |    29 |    35 ||    64
         Leather armour    |       |     4 |       ||     4
  Dodge: Dodged            |    20 |    75 |    50 ||   145

Table legend:
 A = Non-vault XP
 B = Vault XP
 C = Vault XP percentage of total XP
 D = Non-vault monster count
 E = Vault monster count
 F = Vault count percentage of total count
                 A         B        C        D         E       F
            +---------+---------+-------+---------+---------+-------
      Total |     696 |     378 |  35.2 |      74 |      14 |  15.9
            +---------+---------+-------+---------+---------+-------
        D:1 |      40 |       0 |   0.0 |      23 |       0 |   0.0
        D:2 |     121 |      35 |  22.4 |      17 |       1 |   5.6
        D:3 |      38 |       0 |   0.0 |      11 |       0 |   0.0
        D:4 |     338 |     245 |  42.0 |      16 |       6 |  27.3
        D:5 |     159 |      98 |  38.1 |       7 |       7 |  50.0
            +---------+---------+-------+---------+---------+-------
